 Dungeon Crawl Stone Soup version 0.24.0-1-gfbc8707122 (webtiles) character file.

Game seed: 16854576743038007860, levelgen mode: classic

894 EnegeticOcto the Chopper (level 7, -4/61 HPs)
             Began as a Minotaur Fighter on Oct 27, 2019.
             Was an Initiate of Makhleb.
             Slain by an ice beast (5 damage)
             ... on level 3 of the Dungeon.
             The game lasted 00:02:26 (3832 turns).

EnegeticOcto the Chopper (Minotaur Fighter)         Turns: 3832, Time: 00:02:26

Health: -4/61      AC:  7    Str: 22    XL:     7   Next: 78%
Magic:  0/6        EV:  9    Int:  5    God:    Makhleb [......]
Gold:   254        SH: 10    Dex: 10    Spells: 6/6 levels left

rFire    . . .     SeeInvis .   a - +0 war axe
rCold    . . .     Gourm    .   c - +0 shield
rNeg     . . .     Faith    .   b - +0 scale mail
rPois    .         Spirit   +   (helmet restricted)
rElec    .         Reflect  .   (no cloak)
rCorr    .         Harm     .   (no gloves)
MR       .....                  (no boots)
Stlth    ..........             m - amulet of guardian spirit
HPRegen  0.20/turn              (no ring)
MPRegen  0.10/turn              (no ring)

@: no status effects
A: retaliatory headbutt, horns 2
a: Renounce Religion


You were on level 3 of the Dungeon.
You worshipped Makhleb.
Makhleb was noncommittal.
You were not hungry.

You visited 2 branches of the dungeon, and saw 6 of its levels.

You collected 254 gold pieces.

Inventory:

Hand Weapons
 a - a +0 war axe (weapon)
Armour
 b - a +0 scale mail (worn)
 c - a +0 shield (worn)
Jewellery
 j - an uncursed ring of magical power {unknown}
 m - an amulet of guardian spirit (around neck)
Wands
 t - a wand of polymorph (9)
Scrolls
 f - 2 scrolls of enchant weapon {unknown}
 g - 2 scrolls of fog {unknown}
 h - a scroll of fear {unknown}
 i - 4 scrolls of identify {unknown}
 l - 3 scrolls of amnesia {unknown}
 p - 2 scrolls of teleportation {unknown}
 q - a scroll of random uselessness {unknown}
 r - a scroll of enchant armour {unknown}
Potions
 d - a potion of might {@q3 !q}
 k - 2 potions of lignification {unknown}
 n - a potion of agility {unknown}
 o - a potion of brilliance {unknown}
 s - a potion of curing {unknown}
 u - a potion of flight {unknown}
Comestibles
 e - 8 rations
 v - 3 chunks of flesh


   Skills:
 + Level 5.5 Fighting
 * Level 6.5 Axes
 + Level 5.5 Armour
 + Level 3.5 Dodging
 + Level 5.6 Shields
 * Level 1.1 Invocations


You had 6 spell levels left.
You didn't know any spells.
Your spell library contained the following spells:

 Spells                   Type           Power        Failure   Level  Hunger
 Magic Dart               Conj           #...         99%         1    ##.....
 Searing Ray              Conj           #.....       100%        2    ###....
 Dazzling Spray           Conj/Hex       #.....       100%        3    ####...
 Force Lance              Conj/Tloc      #.......     100%        4    #####..
 Fulminant Prism          Conj/Hex       #.........   100%        4    #####..
 Iskenderun's Mystic Bla  Conj           #.......     100%        4    #####..


Dungeon Overview and Level Annotations

Branches:
Dungeon (5/15)             Temple (1/1) D:4

Altars:
Cheibriados
Dithmenos
Elyvilon
Fedhas
Gozag
Kikubaaqudgha
Makhleb
Nemelex Xobeh
Okawaru
Qazlal
Ru
Sif Muna
Vehumet
Wu Jian
Xom
Yredelemnul
Zin


Innate Abilities, Weirdness & Mutations

You reflexively headbutt those who attack you in melee.
You have a pair of horns on your head.


Message History

You barely miss the sky beast. You block the sky beast's attack.
You slash the sky beast!
The sky beast is heavily wounded.
The sky beast flickers out of sight!
Deactivating autopickup; reactivate with Ctrl-A.
Something hits you but does no damage.
A hound comes into view.
You hit the ice beast.
The ice beast is lightly wounded.
You barely miss something. You block the ice beast's attack.
You block something's attack. The ice beast barely misses you.
You furiously retaliate!
You headbutt the ice beast.
Your shield and scale mail prevent you from hitting the ice beast.
The ice beast is lightly wounded.
You miss something. Something hits you. Something shocks you.
The ice beast completely misses you. You furiously retaliate!
You headbutt the ice beast, but do no damage.
Something hits you but does no damage.
You hit the ice beast but do no damage. Your headbutt misses the ice beast.
The ice beast is lightly wounded.
You hit something. The ice beast hits you. The ice beast freezes you!
Something hits you. Something shocks you.
You completely miss the ice beast.
The ice beast is lightly wounded.
You closely miss something.
The ice beast hits you but does no damage.
Something hits you but does no damage. The ice beast hits you.
The ice beast freezes you!
* * * LOW HITPOINT WARNING * * *
You are too injured to fight recklessly!
You are too injured to fight recklessly!
You are too injured to fight recklessly!
You are too injured to fight recklessly!
You are too injured to fight recklessly!
There is a stone staircase leading up here.
Something hits you.
* * * LOW HITPOINT WARNING * * *
Something shocks you.
* * * LOW HITPOINT WARNING * * *
You climb upwards.
Reactivating autopickup.
There is a stone staircase leading down here.
Okay, then.
The ice beast barely misses you.
A sky beast appears from thin air!
There is a stone staircase leading up, spattered with blood here.
You climb upwards.
There is a stone staircase leading down here.
You closely miss the ice beast.
The ice beast is lightly wounded.
The ice beast hits you but does no damage. x2
Your shield prevents you from hitting the ice beast.
The ice beast is lightly wounded.
You block the ice beast's attack.
You hit the ice beast but do no damage. You headbutt the ice beast!
The ice beast is heavily wounded.
The ice beast hits you but does no damage.
You closely miss the ice beast.
The ice beast is heavily wounded.
The ice beast hits you but does no damage.
Your shield prevents you from hitting the ice beast.
Your headbutt misses the ice beast.
The ice beast is heavily wounded.
The ice beast barely misses you. You furiously retaliate!
You headbutt the ice beast! The ice beast hits you.
* * * LOW HITPOINT WARNING * * *
The ice beast freezes you.
* * * LOW HITPOINT WARNING * * *
You closely miss the ice beast.
The ice beast is severely wounded.
The ice beast hits you but does no damage.
You closely miss the ice beast.
The ice beast is severely wounded.
You block the ice beast's attack.
Your shield prevents you from hitting the ice beast.
Your headbutt misses the ice beast.
The ice beast is severely wounded.
You block the ice beast's attack.
You hit the ice beast but do no damage.
The ice beast is severely wounded.
The ice beast hits you but does no damage.
The ice beast barely misses you.
You closely miss the ice beast. You headbutt the ice beast!
The ice beast is almost dead.
The ice beast hits you but does no damage.
You hit the ice beast.
The ice beast is almost dead.
You block the ice beast's attack.
You hit the ice beast but do no damage. Your headbutt misses the ice beast.
The ice beast is almost dead.
The ice beast hits you.
* * * LOW HITPOINT WARNING * * *
The ice beast freezes you!
* * * LOW HITPOINT WARNING * * *
You hit the ice beast but do no damage.
The ice beast is almost dead.
The ice beast hits you.
* * * LOW HITPOINT WARNING * * *
The ice beast freezes you.
You die...

....#..#..##..#..######...#
##...#..#.....#..# #...#
#....#...###....# #...#
#..#..#..###....# #...#
#...#..#..##....# #...#
##....#..........# #..##
##..#..#...##.#..# #.##
.....#..#..#.<#..# #.#
......#....#..#Y@# #.#
....#..#...####.## #.#
.....#..#.......# #.#
...........######## #.#
......#.##...รท....# #.#
'######.#########.# #(#
............# #.# #.#
#######.###.#####.# #.# #.#
#.#.....# #.#


You could see an ice beast.

Vanquished Creatures
  Grinder (D:4)
  Sigmund (D:2)
  2 phantoms (D:4)
  A water moccasin skeleton (D:4)
  2 hounds (D:4)
  A centaur skeleton (D:4)
  An orc wizard (D:4)
  Terence (D:3)
  2 worker ants (D:4)
  A killer bee zombie (D:5)
  3 adders
  An ooze (D:1)
  2 worms (D:2)
  3 dart slugs
  3 leopard geckos
  8 orcs
  A ball python (D:4)
  3 giant cockroaches
  4 goblins (D:1)
  5 hobgoblins
  4 jackals (D:1)
  7 kobolds
  A quokka (D:4)
  8 bats
  6 frilled lizards
  A jackal skeleton (D:4)
  7 rats
80 creatures vanquished.

Notes
Turn   | Place    | Note
-------+----------+-------------------------------------------
     0 | D:1      | EnegeticOcto the Minotaur Fighter began the quest for the
                  | Orb.
     0 | D:1      | Reached XP level 1. HP: 19/19 MP: 0/0
   201 | D:1      | Reached XP level 2. HP: 24/27 MP: 1/1
   316 | D:1      | Reached skill level 3 in Axes
   435 | D:1      | Reached XP level 3. HP: 32/33 MP: 2/2
   480 | D:1      | Reached skill level 1 in Dodging
  1427 | D:2      | Noticed Sigmund
  1443 | D:2      | Killed Sigmund
  1443 | D:2      | Reached skill level 4 in Axes
  1443 | D:2      | Reached XP level 4. HP: 9/41 MP: 3/3
  1443 | D:2      | Reached XP level 5. HP: 11/47 MP: 4/4
  1795 | D:2      | Found a basalt altar of Yredelemnul.
  2141 | D:3      | Noticed Terence
  2156 | D:3      | Killed Terence
  2215 | D:3      | Reached XP level 6. HP: 53/53 MP: 5/5
  2245 | D:3      | You fall into a shaft and drop 1 floor!
  2253 | D:4      | Reached skill level 5 in Axes
  2400 | D:3      | Found a shadowy altar of Dithmenos.
  2400 | D:3      | Found an ancient bone altar of Kikubaaqudgha.
  2400 | D:3      | Found a snail-covered altar of Cheibriados.
  2623 | D:3      | Found a shimmering blue altar of Sif Muna.
  2714 | D:4      | Noticed Grinder
  2747 | D:4      | Paralysed by Grinder for 3 turns
  2754 | D:4      | Killed Grinder
  2754 | D:4      | Reached skill level 5 in Fighting
  2754 | D:4      | Reached skill level 5 in Armour
  2754 | D:4      | Reached skill level 5 in Shields
  2754 | D:4      | Reached XP level 7. HP: 22/61 MP: 4/6
  3079 | D:4      | Reached skill level 6 in Axes
  3387 | D:4      | Found a staircase to the Ecumenical Temple.
  3468 | Temple   | Entered the Ecumenical Temple
  3533 | Temple   | Became a worshipper of Makhleb the Destroyer
  3728 | D:4      | Reached skill level 1 in Invocations
  3792 | D:5      | Entered Level 5 of the Dungeon
  3831 | D:3      | HP: 3/61 [ice beast (6)]
  3832 | D:3      | HP: 1/61 [ice beast (3)]
  3832 | D:3      | Slain by an ice beast

Levels and vault maps discovered:
D:1:      kilobyte_arrival_exit_the_forest, layout_loops_cross
D:2:      wander_river, layout_basic, lemuel_doored_altar, minmay_3d_cube,
          uniq_sigmund
D:3:      layout_basic, lemuel_blue_sif_altar, gammafunk_temple_overflow_claw,
          fountainhead, minmay_misc_feat_diagonals, uniq_terence
D:4:      layout_rooms, minmay_temple_entry_mist, uniq_grinder
D:5:      layout_loops_ring, first_ration
Temple:   regret_index_temple_sphere_string

Skill      XL: |  1  2  3  4  5  6  7 |
---------------+----------------------+-----
Axes           | 3 4 5 6 |  6.5
Dodging        | 2 3 |  3.5
Fighting       | 4 5 |  5.5
Shields        | 4 5 |  5.6
Armour         | 4 5 |  5.5
Invocations    | 1 |  1.1

Action                   |  1- 3 |  4- 6 |  7- 9 || total
-------------------------+-------+-------+-------++-------
Melee: War axe           |   107 |    62 |    70 ||   239
       Headbutt          |    10 |     7 |    13 ||    30
       Unarmed           |       |    19 |     1 ||    20
  Eat: Chunk             |     2 |     3 |     1 ||     6
       Ration            |       |       |     1 ||     1
Armor: Scale mail        |    51 |    29 |    24 ||   104
       Skin              |       |     4 |       ||     4
Dodge: Dodged            |    43 |    37 |    24 ||   104
Block: Shield            |    76 |    35 |    36 ||   147
